 Dungeon Crawl Stone Soup version 0.28.0-43-g3370ac3207 (webtiles) character file.

Game seed: 7846994651495725693

37 unlimited1921 the Firebug (level 3, 0/33 HPs)
             Began as an Ogre Fire Elementalist on Mar 16, 2022.
             Killed from afar by Sigmund (9 damage)
             ... with a magic dart
             ... on level 2 of the Dungeon.
             The game lasted 00:06:36 (2881 turns).

unlimited1921 the Firebug (Ogre Fire Elementalist)  Turns: 2881, Time: 00:06:36

Health: 0/33       AC:  3    Str: 12    XL:     3   Next: 39%
Magic:  0/6        EV:  9    Int: 22    God:
Gold:   53         SH:  0    Dex:  9    Spells: 6/7 levels left

rFire   . . .      SeeInvis .   n - +4 dagger "Rentiax" {vorpal, rN+ Int+4}
rCold   . . .      Faith    .   (no shield)
rNeg    + . .      Spirit   .   a - +0 robe
rPois   +          Reflect  .   (helmet restricted)
rElec   .          Harm     .   (no cloak)
rCorr   .          Rampage  .   (gloves unavailable)
Will    .....                   (boots unavailable)
Stlth   +.........              (no amulet)
HPRegen 0.11/turn               l - ring of poison resistance
MPRegen 0.10/turn               (no ring)

@: confused
A: large, unfitting armour, tough skin 1
a: no special abilities


You were on level 2 of the Dungeon.
You visited 1 branch of the dungeon, and saw 2 of its levels.

You collected 53 gold pieces.

Inventory:

Hand Weapons
 i - a +0 mace
 j - a +2 antimagic scythe
 k - a +0 hand axe
 n - the +4 dagger "Rentiax" (weapon) {vorpal, rN+ Int+4}
   (You found it on level 2 of the Dungeon)

   It inflicts extra damage upon your enemies.
   Int:       It affects your intelligence (+4).
   rN:        It protects you from negative energy.
Missiles
 c - 79 stones
 e - 38 sling bullets
Armour
 a - a +0 robe (worn)
Jewellery
 l - a ring of poison resistance (left hand)
Scrolls
 b - a scroll of blinking {unknown}
 d - a scroll of enchant armour {unknown}
 f - a scroll of teleportation {unknown}
 g - a scroll of identify {unknown}
 h - a scroll of magic mapping {unknown}
 m - a scroll of noise {unknown}
Potions
 o - a potion of berserk rage {unknown}


   Skills:
 * Level 1.2 Fighting
 + Level 0.8 Maces & Flails
 + Level 1.8 Dodging
 + Level 1.6 Stealth
 + Level 2.6 Spellcasting
 + Level 1.0 Conjurations
 + Level 3.3 Fire Magic


You had 6 spell levels left.
You knew the following spells:

 Your Spells              Type           Power      Damage    Failure   Level
a - Foxfire               Conj/Fire      48%        2x1d6     5%          1

Your spell library contained the following spells:

 Spells                   Type           Power      Damage    Failure   Level
 Scorch                   Fire           34%        2d6       4%          2
 Conjure Flame            Conj/Fire      12%        6-21      16%         3
 Inner Flame              Hex/Fire       10%        N/A       21%         3
 Flame Wave               Conj/Fire      12%        2d6       47%         4


Dungeon Overview and Level Annotations

Branches:
Dungeon (2/15)

Altars:

Annotations:
D:2 Sigmund


Innate Abilities, Weirdness & Mutations

You are too large for most types of armour.
You have tough skin. (AC +1)


Message History

Sigmund is lightly wounded.
The foxfire hits Sigmund.
Sigmund is moderately wounded.
Casting: Foxfire (safe; 5% risk of failure)
Confirm with . or Enter, or press ? or * to list all spells.
You conjure some foxfire!
Sigmund is suddenly surrounded by pale green light.
The foxfire hits Sigmund but does no damage.
Sigmund is moderately wounded.
The foxfire hits Sigmund.
Sigmund is moderately wounded.
Sigmund hits you from afar with a +0 scythe.
Casting: Foxfire (safe; 5% risk of failure)
Confirm with . or Enter, or press ? or * to list all spells.
You conjure some foxfire!
Sigmund hits you from afar with a +0 scythe!
The foxfire hits Sigmund.
Sigmund is moderately wounded.
The foxfire hits Sigmund but does no damage.
Sigmund is moderately wounded.
Casting: Foxfire (safe; 5% risk of failure)
Confirm with . or Enter, or press ? or * to list all spells.
You conjure some foxfire!
Sigmund gestures wildly while chanting.
Sigmund flickers and vanishes!
Deactivating autopickup; reactivate with Ctrl-A.
The foxfire hits something. x2; Something hits you!
Casting: Foxfire (safe; 5% risk of failure)
Confirm with . or Enter, or press ? or * to list all spells.
You conjure some foxfire!
Something hits you.
Your foxfire dissipates!
The foxfire hits something.
You hear some strange, mumbled words.
You are confused.
Something hits you.
* * * LOW HITPOINT WARNING * * *
You're too confused to move!
A magic dart appears from out of thin air!
The magic dart hits you!
You die...

..###.#
#.###.......##########.#
#.# #.# ##.#....###.#
#.# #.# #.# ##.#.#.# #.#
#.# #.###.# ###.#.# #.#
#.# #.##..# #.#.# #.#
#.# #.##.## #.#.# #.#
#.# #.##.# #.#.###.# #.#
.....# #.......# ##.#
###..## ###@##### #<.# #
#>..# #.####### #.##
###...# #.{.....# #.#
......# #######.# #.#
#.##..# #.# ...#..# #.#
......# #.# ...##.# #.#
...##.# #.#


There were no monsters in sight!

Vanquished Creatures
  An adder (D:2)
  A dart slug (D:2)
  An endoplasm (D:1)
  3 goblins
  6 hobgoblins
  2 quokkas (D:2)
  A frilled lizard (D:2)
  5 kobolds
  4 rats
24 creatures vanquished.

Vanquished Creatures (others)
  62 foxfires
62 creatures vanquished.

Grand Total: 86 creatures vanquished

Notes
Turn   | Place    | Note
-------+----------+-------------------------------------------
     0 | D:1      | unlimited1921 the Ogre Fire Elementalist began the quest
                  | for the Orb.
     0 | D:1      | Reached XP level 1. HP: 16/16 MP: 3/3
   694 | D:1      | Reached skill level 3 in Fire Magic
   977 | D:1      | Reached XP level 2. HP: 22/24 MP: 2/5
  1773 | D:2      | Reached skill level 1 in Fighting
  1773 | D:2      | Reached skill level 1 in Conjurations
  1773 | D:2      | Reached XP level 3. HP: 29/33 MP: 3/6
  2590 | D:2      | Identified the +4 dagger "Rentiax" {vorpal, rN+ Int+4}
  2862 | D:2      | Noticed Sigmund
  2881 | D:2      | Killed from afar by Sigmund

Illustrated notes

Levels and vault maps discovered:
D:1:      giann_bridges, layout_basic
D:2:      layout_loops_ring, uniq_sigmund

Skill      XL: |  1  2 |
---------------+-------+-----
Fire Magic     | 3 |  3.3
Fighting       | 1 |  1.2
Conjurations   | 1 |  1.0
Maces & Flails | |  0.8
Dodging        | |  1.8
Stealth        | |  1.6
Spellcasting   | |  2.6

Action                   || total
-------------------------++-------
Melee: Whip              ||     2
       Mace              ||    20
       Dagger            ||     2
 Cast: Foxfire           ||    34
Armor: Robe              ||     7
Dodge: Dodged            ||    10
